 Dungeon Crawl Stone Soup version 0.30-a0-948-g4fa250aae5 (webtiles) character file.

Game seed: 3767247342797058180

3119 bande the Chopper (level 9, -3/54 HPs)
             Began as a Gargoyle Fighter on Mar 26, 2023.
             Was an Elder of Okawaru.
             Slain by a meliai
             ... wielding a +0 hand axe
              (6 damage)
             ... on level 8 of the Dungeon.
             The game lasted 00:13:43 (6135 turns).

bande the Chopper (Gargoyle Fighter)                Turns: 6135, Time: 00:13:46

Health: -3/54      AC: 15    Str: 20    XL:     9   Next: 91%
Magic:  12/12      EV:  9    Int:  9    God:    Okawaru [****..]
Gold:   190        SH:  7    Dex: 25    Spells: 7/8 levels left

rFire   + + .      SeeInvis +    B - +7 hand axe "Beetle's Curse" {heavy, rPois Will+ Dex+2}
rCold   + . .      Faith    .    c - +0 buckler
rNeg    + . .      Spirit   .    k - +1 scale mail {rF+}
rPois   ∞          Reflect  .    b - +2 hat
rElec   +          Rampage  .    r - scarf {rC+ rF+}
rCorr   .                        (no gloves)
Will    ++++.                    (no boots)
Stlth   +                        u - amulet "Fouxtis" {Acrobat *Corrode Will+++ Regen+ Dex+4}
HPRegen 1.09/turn                g - +6 ring of dexterity
MPRegen 0.13/turn                w - ring of see invisible

@: corroded, unable to read
A: sickness immunity, AC +6, negative energy resistance 1, electricity
resistance, torment resistance 1, petrification resistance, iridescent scales 1,
mutation resistance 1, inability to read after injury 1
a: Renounce Religion, Heroism, Finesse


You were on level 8 of the Dungeon.
You worshipped Okawaru.
Okawaru was greatly pleased with you.
You visited 1 branch of the dungeon, and saw 8 of its levels.

You collected 481 gold pieces.
You spent 291 gold pieces at shops.

Inventory:

Hand Weapons
 a - a +1 war axe of venom
 A - a +0 war axe
 B - the +7 hand axe "Beetle's Curse" (weapon) {heavy, rPois Will+ Dex+2}
   (You found it on level 7 of the Dungeon)

   Dex:       It affects your dexterity (+2).
   rPois:     It protects you from poison.
   Will:      It increases your willpower.
 D - a +3 hand axe of flaming
Armour
 b - a +2 hat (worn)
 c - a +0 buckler (worn)
 k - a +1 scale mail of fire resistance (worn)
 r - a scarf of resistance (worn)
Jewellery
 g - a +6 ring of dexterity (left hand)
 u - the amulet "Fouxtis" (around neck) {Acrobat *Corrode Will+++ Regen+ Dex+4}
   (You found it on level 5 of the Dungeon)

   [amulet of the acrobat]

   It increases your evasion while moving and waiting.
   Dex:       It affects your dexterity (+4).
   Regen:     It increases your rate of health regeneration.
   *Corrode:  It may corrode you when you take damage.
   Will:      It greatly increases your willpower.
 w - a ring of see invisible (right hand)
 E - an amulet of faith
Wands
 j - a wand of digging (6)
 p - a wand of quicksilver (7)
Scrolls
 i - 4 scrolls of blinking
 o - a scroll of poison
 t - 3 scrolls of enchant weapon
 x - a scroll of magic mapping
 y - a scroll of fog
Potions
 d - 3 potions of might
 e - 3 potions of curing
 f - 2 potions of flight
 h - 3 potions of heal wounds
 l - 2 potions of brilliance {unknown}
 m - a potion of lignification {unknown}
 n - a potion of ambrosia
 q - a potion of haste {unknown}
 s - 2 potions of magic {unknown}
 v - a potion of cancellation {unknown}
 z - a potion of mutation
 C - a potion of resistance {unknown}


   Skills:
 + Level 5.5 Fighting
 + Level 7.1 Axes
 + Level 6.1 Armour
 + Level 5.0 Shields
 * Level 4.6 Translocations
 * Level 4.9 Invocations
 * Level 4.1 Evocations


You had 7 spell levels left.
You knew the following spells:

 Your Spells              Type           Power      Damage    Failure   Level
a - Apportation           Tloc           16%        N/A       22%         1

Your spell library contained the following spells:

 Spells                   Type           Power      Damage    Failure   Level
 Necrotise                Necr           0%         1d4       80%         1
 Slow                     Hex            0%         N/A       80%         1
 Confusing Touch          Hex            0%         N/A       99%         3
 Inner Flame              Hex/Fire       0%         N/A       99%         3
 Vampiric Draining        Necr           0%         2d6       99%         3
 Cause Fear               Hex            0%         N/A       100%        4
 Alistair's Intoxication  Tmut/Pois      0%         N/A       100%        5
 Borgnjor's Vile Clutch   Necr/Erth      0%         N/A       100%        5
 Eringya's Noxious Bog    Tmut/Pois      0%         N/A       100%        6
 Discord                  Hex            0%         N/A       100%        8
 Summon Small Mammal      Summ           Unusable   N/A       N/A         1

Dungeon Overview and Level Annotations

Branches:
Dungeon (8/15)             Temple (0/1) D:7
   Lair: D:8-11

Altars:
Cheibriados
Dithmenos
Hepliaklqana
Okawaru
Wu Jian
The Shining One

Shops:
D:3 :   D:4 ?   D:5 *   D:7 (


Innate Abilities, Weirdness & Mutations

You are immune to sickness and miasma.
Your stone body is resilient. (AC +6)
You are immune to poison.
You resist negative energy. (rN+)
You are resistant to electric shocks. (rElec)
You are resistant to unholy torment.
You are immune to petrification.
You are partially covered in iridescent scales. (AC +2)
You are somewhat resistant to further mutation.
You occasionally lose the ability to read scrolls when taking damage.


Message History

A meliai comes into view. It is wielding a +0 hand axe.
The howler monkey hits you.
You barely miss the steam dragon. You hit the howler monkey.
The howler monkey hoots and howls with incredible vigour!
The steam dragon bites you. The steam dragon misses you.
The howler monkey barely misses you. The steam dragon completely misses you.
The steam dragon barely misses you.
You hear a horrible gurgling sound!
You hear a shout! x3
You hear an angry buzzing noise.
You hear a bellow!
You hear an angry buzzing noise.
You hear a shout!
You hear a loud, deep croak!
You hear a shout!
You hear a bellow!
You hear a shout!
You closely miss the steam dragon. You slash the howler monkey!
You kill the howler monkey!
Okawaru accepts your kill.
You slash the howler monkey!
The howler monkey hoots and howls with incredible vigour!
The meliai mumbles some strange prayers to its god against you.
Something smites you!
Your corrosive artefact corrodes you!
The steam dragon bites you.
The steam dragon claws you but does no damage.
The bullfrog hits you but does no damage.
The howler monkey hits you but does no damage.
The meliai invokes the aid of its god against you.
Something smites you!
You hear a shout! x3; You hear a bellow!
You hear an angry buzzing noise.
You hear a bellow!
You hit the steam dragon but do no damage.
You barely miss the bullfrog. You slash the howler monkey!
You block the bullfrog's attack.
The meliai invokes the aid of its god against you.
Something smites you!
You feel threatened and lose the ability to read scrolls!
* * * LOW HITPOINT WARNING * * *
The howler monkey hits you but does no damage.
The steam dragon bites you!
* * * LOW HITPOINT WARNING * * *
The steam dragon claws you but does no damage.
The bullfrog barely misses you. You block the meliai's attack.
The meliai stings you.
You die...

......#
#####.#
.... # ##
##
#.#####
♣. .♣
..#♣♣.♣♣
♣. .♣
..#♣.♣.♣
♣ ♣. .♣ ♣
..#♣.♣.♣#
♣.♣.♣.♣.♣
..#.♣♣♣.#
♣...D...♣
..#.♣.♣.#
### ##@##
#.#.♣.♣.#
♣.♣


#yhF# ..#.♣.♣.♣♣♣.♣♣♣...♣ .....~.....♣..'<8>+ #.#.♣.♣.♣♣♣.♣♣♣...♣ #.#.♣.♣.# ♣.♣
#...# #.#.♣.♣.# ### ##'## #.#.♣♣♣.# ♣.♣ #.#♣.♣.♣# You could see a steam dragon,
a meliai, a bullfrog and a howler monkey.

Vanquished Creatures
  2 wyverns (D:8)
  A basilisk (D:8)
  A steam dragon (D:7)
  An acid dragon (D:8)
  4 sky beasts
  3 ice beasts
  An orc warrior (D:7)
  A centaur (D:8)
  A phantom (D:4)
  2 kobold brigands
  Blork the orc (D:4)
  5 bullfrogs
  A scorpion (D:6)
  2 killer bees (D:8)
  3 howler monkeys
  3 hounds
  3 jellies (D:6)
  A sleepcap (D:4)
  4 iguanas
  8 orc wizards
  7 gnolls
  6 adders
  2 shadow imps
  A white imp (D:7)
  An ufetubus (D:6)
  3 dart slugs
  22 orcs
  7 bats
  6 endoplasms
  3 giant cockroaches
  10 goblins
  9 hobgoblins
  3 jackals (D:4)
  2 quokkas (D:1)
  9 ball pythons
  A frilled lizard (D:3)
  12 kobolds
  5 rats
157 creatures vanquished.

Vanquished Creatures (others)
  A bat (D:1)
  10 plants
11 creatures vanquished.

Grand Total: 168 creatures vanquished

Notes
Turn   | Place    | Note
-------+----------+-------------------------------------------
     0 | D:1      | bande the Gargoyle Fighter began the quest for the Orb.
     0 | D:1      | Reached XP level 1. HP: 14/14 MP: 1/1
    51 | D:1      | Reached XP level 2. HP: 19/19 MP: 2/2
    68 | D:1      | Reached skill level 2 in Axes
   241 | D:1      | Learned a level 1 spell: Apportation
   429 | D:1      | Reached XP level 3. HP: 23/23 MP: 3/3
   822 | D:2      | Reached skill level 1 in Translocations
   824 | D:2      | Reached XP level 4. HP: 28/29 MP: 4/4
   962 | D:2      | Reached XP level 5. HP: 28/33 MP: 5/5
  1049 | D:2      | Reached skill level 3 in Axes
  1402 | D:3      | Found a shadowy altar of Dithmenos.
  1435 | D:3      | Found an ornate altar of the Wu Jian Council.
  1485 | D:3      | Found Nierchoa's Book Boutique.
  1783 | D:3      | Reached XP level 6. HP: 34/38 MP: 6/6
  1793 | D:3      | Found an iron altar of Okawaru.
  1802 | D:3      | Became a worshipper of Warmaster Okawaru
  2481 | D:4      | Noticed Blork the orc
  2489 | D:4      | Reached skill level 1 in Evocations
  2497 | D:4      | Killed Blork the orc
  2609 | D:4      | Reached skill level 1 in Invocations
  2629 | D:4      | Reached skill level 4 in Axes
  2962 | D:4      | Found Carorhuc's Magic Scroll Boutique.
  3217 | D:5      | Entered Level 5 of the Dungeon
  3229 | D:4      | Reached XP level 7. HP: 30/43 MP: 6/8
  3284 | D:4      | Reached * piety under Okawaru
  3746 | D:5      | Found Bamynesm's Gadget Gallery.
  3802 | D:5      | You fall into a shaft and drop 1 floor!
  4024 | D:5      | Identified the amulet "Fouxtis" {Acrobat *Corrode Will+++
                  | Regen+ Dex+4}
  4085 | D:5      | Found a hazy altar of Hepliaklqana.
  4099 | D:5      | Gained mutation: You sometimes lose your temper in combat.
                  | [potion of mutation]
  4099 | D:5      | Gained mutation: You occasionally lose the ability to read
                  | scrolls when taking damage. [potion of mutation]
  4099 | D:5      | Gained mutation: A frigid envelope surrounds you and
                  | freezes all who hurt you. [potion of mutation]
  4099 | D:5      | Gained mutation: Your mind is acute. (Int +4, Str/Dex -1)
                  | [potion of mutation]
  4100 | D:5      | Lost mutation: You sometimes lose your temper in combat.
                  | [potion of mutation]
  4100 | D:5      | Lost mutation: Your mind is acute. (Int +4, Str/Dex -1)
                  | [potion of mutation]
  4100 | D:5      | Lost mutation: A frigid envelope surrounds you and freezes
                  | all who hurt you. [potion of mutation]
  4100 | D:5      | Gained mutation: You are partially covered in iridescent
                  | scales. (AC +2) [potion of mutation]
  4100 | D:5      | Gained mutation: You are somewhat resistant to further
                  | mutation. [potion of mutation]
  4422 | D:6      | Reached skill level 5 in Armour
  4452 | D:6      | Reached XP level 8. HP: 48/48 MP: 9/9
  4559 | D:6      | Reached ** piety under Okawaru
  4567 | D:6      | Reached skill level 5 in Axes
  5258 | D:7      | Identified the +7 hand axe "Beetle's Curse" {heavy, rPois
                  | Will+ Dex+2}
  5292 | D:7      | Found a snail-covered altar of Cheibriados.
  5363 | D:7      | Reached skill level 5 in Fighting
  5363 | D:7      | Reached skill level 6 in Axes
  5363 | D:7      | Reached XP level 9. HP: 52/54 MP: 11/11
  5426 | D:7      | Found Gaosaxal's Hydra Hut.
  5430 | D:7      | Noticed a five-headed hydra
  5434 | D:7      | Bought a +3 hand axe of flaming for 291 gold pieces
  5458 | D:7      | Reached *** piety under Okawaru
  5559 | D:7      | Found a staircase to the Ecumenical Temple.
  5581 | D:7      | Found a glowing golden altar of the Shining One.
  5967 | D:8      | Reached **** piety under Okawaru
  6131 | D:8      | Reached skill level 7 in Axes
  6131 | D:8      | Reached skill level 5 in Shields
  6132 | D:8      | Noticed a meliai
  6135 | D:8      | Slain by a meliai

Illustrated notes

Levels and vault maps discovered:
D:1:      shiori_arrival_maze, layout_basic
D:2:      layout_loops_cross, amcnicky_mini_corridor_feature,
          minmay_tetromino_o2
D:3:      layout_basic, kennysheep_okawaru_gauntlet,
          mainiacjoe_overflow_catch_the_wave, serial_shops, shop
D:4:      layout_basic, serial_shops, shop, uniq_blork_the_orc
D:5:      layout_basic, mainiacjoe_overflow_chevrons, nicolae_shop_gadgets
D:6:      layout_basic, minmay_pentangle
D:7:      layout_loops_cross, cheibriados_altar_1, kennysheep_mini_moat,
          minmay_temple_entry_metal_lava, doesnt_shop_hydraphobe
D:8:      nzn_winding_woodlands_stair_cross [nzn_winding_woodlands_5x15_eye,
          nzn_winding_woodlands_center_pierced_h,
          nzn_winding_woodlands_5x15_pathside_ponds,
          nzn_winding_woodlands_5x5_cross, nzn_winding_woodlands_5x5_perimeter,
          nzn_winding_woodlands_5x15_sidewinder,
          nzn_winding_woodlands_center_garden,
          nzn_winding_woodlands_5x15_river_crossing], layout_basic,
          david_lair_generic, uniq_prince_ribbit1

Skill      XL: |  1  2  3  4  5  6  7  8  9 |
---------------+----------------------------+-----
Axes           | 2 3 4 6 7 |  7.1
Translocations | 1 2 3 4 |  4.6
Armour         | 4 5 6 |  6.1
Fighting       | 4 5 |  5.5
Evocations     | 1 2 3 4 |  4.1
Invocations    | 1 2 3 4 |  4.9
Shields        | 4 5 |  5.0

Action                     |  1- 3 |  4- 6 |  7- 9 || total
---------------------------+-------+-------+-------++-------
  Melee: War axe           |    98 |   128 |   111 ||   337
         Hand axe          |       |       |   115 ||   115
    Use: Scroll            |     6 |     8 |     6 ||    20
         Potion            |       |       |     3 ||     3
 Armour: Scale mail        |    59 |    82 |   145 ||   286
  Dodge: Dodged            |    62 |    76 |   131 ||   269
  Block: Buckler           |    20 |    24 |    77 ||   121

Table legend: (Time is in decaauts)
 A = Elapsed time spent in this place.
 B = Non-inter-level travel time spent in this place.
 C = Inter-level travel time spent in this place.
 D = Time resting spent in this place.
 E = Time spent auto-exploring this place.
 F = Levels seen in this place.
 G = Mean time per level.
                   A        B        C        D        E       F      G
               +--------+--------+--------+--------+--------+-----+--------+
         Total |   6320 |   6061 |    259 |    475 |   4122 |   8 |  790.0 |
       Dungeon |   6320 |   6061 |    259 |    475 |   4122 |   8 |  790.0 |
               +--------+--------+--------+--------+--------+-----+--------+

Top non-repeatable levels by time:
     D:4: 1321 daAuts
     D:3: 1056 daAuts
     D:6: 1054 daAuts
     D:7: 727 daAuts
     D:1: 725 daAuts
     D:2: 696 daAuts
     D:5: 482 daAuts
     D:8: 255 daAuts
